AoeStats
← [H A R D] AF

Arena

508281079Analyzed
4v4 RM · 12d ago on Sep 21, 2026· 47m 6s· 8 players
Game mode
Random Map
Map size
Large (8 player)
Population
200
Speed
Normal
Resources
Standard
Victory
Conquest
Starting age
Dark Age
Ending age
Imperial Age
RankedLock teamsTeams togetherTeam positionsShared explorationLock speedFull tech treeHidden civsTurbo modeCheats
Victory
Defeat
🇨🇭 Turks · Switzerland
1395
+13
🇮🇳 Franks · India
1376
+14
🇨🇭 Japanese · Switzerland
1216
+20
🇨🇭 Bohemians · Switzerland
1139
+24
🇫🇷 Gurjaras · France
1348
-19
🇨🇭 Georgians · Switzerland
1317
-18
🇺🇦 Teutons · Ukraine
1316
-18
🇧🇷 Vietnamese · Brazil
1274
-16
Морозець
0:28 Loom
10:51 Feudal Age
11:18 Horse Collar
11:25 Double-Bit Axe
18:45 Castle Age
19:50 Heavy Plow
20:02 Bow Saw
30:18 Imperial Age
29:28 Fletching
33:47 Wheelbarrow
34:16 Two-Man Saw
33:47 Crop Rotation
34:07 Forging
33:57 Scale Mail Armor
35:18 Conscription
34:22 Cavalier
35:12 Bloodlines
37:08 Scale Barding Armor
37:40 Iron Casting
39:42 Gold Mining
39:44 Stone Mining
41:15 Chain Barding Armor
41:14 Fortified Wall
43:40 Blast Furnace
jawsy_
9:04 Loom
10:50 Feudal Age
12:51 Double-Bit Axe
15:34 Castle Age
13:16 Horse Collar
17:28 Bow Saw
17:31 Heavy Plow
19:43 Wheelbarrow
24:15 Gold Mining
28:03 Imperial Age
25:33 Fletching
25:43 Padded Archer Armor
26:29 Stone Mining
27:17 Gold Shaft Mining
27:08 Ballistics
26:55 Bodkin Arrow
27:51 Leather Archer Armor
28:03 Hand Cart
28:28 Stone Shaft Mining
28:38 Thumb Ring
28:20 Elite Elephant Archer
30:47 Crop Rotation
30:22 Bracer
30:40 Bloodlines
30:31 Husbandry
33:07 Chemistry
33:59 Light Cavalry
36:08 Hussar
38:11 Scale Barding Armor
38:16 Forging
39:25 Chain Barding Armor
38:37 Siege Elephant
43:53 Plate Barding Armor
43:53 Iron Casting
sir Khalifa1551
11:40 Feudal Age
11:42 Loom
15:49 Castle Age
14:10 Double-Bit Axe
14:20 Horse Collar
14:54 Stone Mining
17:40 Bow Saw
22:59 Wheelbarrow
23:55 Heavy Plow
24:43 Hand Cart
30:15 Imperial Age
28:09 Scale Barding Armor
28:08 Town Watch
28:35 Forging
29:10 Bloodlines
29:02 Husbandry
29:45 Chain Barding Armor
28:57 Light Cavalry
30:17 Iron Casting
29:59 Gold Mining
30:36 Town Patrol
31:35 Plate Barding Armor
30:57 Man-at-Arms
31:37 Gambesons
32:16 Scale Mail Armor
32:01 Long Swordsman
33:19 Conscription
33:03 Squires
34:10 Blast Furnace
32:45 Two-Handed Swordsman
34:31 Chain Mail Armor
34:00 Champion
34:26 Arson
35:13 Cavalier
36:50 Hussar
38:12 Plate Mail Armor
40:42 Aznauri Cavalry
41:54 Pikeman
44:30 Elite Monaspa
Capixo
10:06 Feudal Age
13:51 Loom
16:15 Castle Age
14:48 Double-Bit Axe
23:03 Wheelbarrow
32:33 Imperial Age
30:14 Scale Barding Armor
31:09 Hand Cart
30:47 Gold Mining
32:03 Chain Barding Armor
33:00 Bloodlines
36:39 Plate Barding Armor
39:58 Bow Saw
[H A R D] wiealtesBROT
13:20 Feudal Age
14:16 Double-Bit Axe
14:12 Horse Collar
17:09 Castle Age
18:06 Bow Saw
17:59 Heavy Plow
18:18 Loom
21:49 Wheelbarrow
22:17 Pikeman
23:01 Squires
28:02 Imperial Age
27:26 Chemistry
26:08 Treadmill Crane
26:38 Scale Mail Armor
26:53 Forging
28:28 Chain Mail Armor
28:48 Iron Casting
29:53 Two-Man Saw
29:17 Siege Engineers
29:27 Halberdier
30:38 Conscription
31:02 Coinage
32:37 Plate Mail Armor
34:17 Blast Furnace
42:18 Arson
42:04 Houfnice
[H A R D] AF
10:42 Feudal Age
12:17 Town Watch
14:42 Castle Age
12:34 Town Watch
15:08 Castle Age
13:54 Stone Mining
13:52 Double-Bit Axe
17:31 Bow Saw
17:12 Horse Collar
20:27 Fortified Wall
23:23 Heavy Plow
23:16 Gold Mining
25:55 Padded Archer Armor
25:48 Fletching
26:02 Yasama
25:57 Guard Tower
26:28 Ballistics
30:13 Treadmill Crane
30:11 Elite Skirmisher
34:35 Imperial Age
32:15 Bodkin Arrow
33:38 Thumb Ring
35:04 Padded Archer Armor
35:40 Conscription
39:33 Leather Archer Armor
39:33 Bracer
40:11 Keep
39:21 Arrowslits
44:33 Ring Archer Armor
45:47 Murder Holes
[H A R D] postrusher
10:59 Feudal Age
11:15 Loom
15:05 Castle Age
13:51 Horse Collar
13:58 Double-Bit Axe
15:52 Heavy Plow
16:58 Bow Saw
19:26 Fletching
24:20 Town Watch
25:38 Gold Mining
26:03 Padded Archer Armor
29:45 Wheelbarrow
33:09 Hand Cart
35:35 Imperial Age
35:05 Leather Archer Armor
35:16 Ballistics
36:53 Conscription
36:47 Artillery
37:14 Elite Janissary
39:56 Masonry
40:07 Bombard Tower
Taller_gimli
10:35 Feudal Age
14:16 Castle Age
13:13 Double-Bit Axe
16:15 Bow Saw
16:48 Loom
21:08 Wheelbarrow
20:41 Town Watch
27:15 Imperial Age
25:02 Stone Mining
25:03 Gold Mining
25:40 Scale Barding Armor
25:32 Loom
26:16 Hand Cart
26:29 Forging
26:28 Husbandry
27:47 Chain Barding Armor
28:26 Iron Casting
28:19 Conscription
27:27 Cavalier
30:00 Plate Barding Armor
30:06 Paladin
32:54 Blast Furnace
32:56 Hoardings
35:03 Coinage
35:37 Masonry
35:32 Siege Engineers
36:28 Chemistry
36:08 Banking
36:06 Ballistics
39:14 Caravan
41:24 Fletching
Connection lost

Rejoining the realm…

Still unreachable

The connection could not be restored.

Session expired

The server has moved on; the page needs a fresh start.